 Dungeon Crawl Stone Soup version 0.27-a0-1188-g73eefd5def (webtiles) character file.

Game seed: 1031818794657726129

581 Glokmah the Skirmisher (level 7, -5/55 HPs)
             Began as a Demonspawn Monk on May 22, 2021.
             Was a Believer of Nemelex Xobeh.
             Slain by Duvessa
             ... wielding a +3 rapier of holy wrath
              (10 damage)
             ... on level 5 of the Dungeon.
             The game lasted 00:12:54 (5856 turns).

Glokmah the Skirmisher (Demonspawn Monk)            Turns: 5856, Time: 00:12:55

Health: -5/55      AC:  6    Str: 12    XL:     7   Next: 13%
Magic:  4/9        EV: 11    Int: 12    God:    Nemelex Xobeh [**....]
Gold:   320        SH:  0    Dex: 16    Spells: 5/9 levels left

rFire    . . .     SeeInvis .   a - +0 lajatang
rCold    . . .     Faith    .   (shield currently unavailable)
rNeg     . . .     Spirit   .   h - +0 ring mail
rPois    .         Reflect  .   b - +0 hat
rElec    .         Harm     .   (no cloak)
rCorr    .         Rampage  .   (no gloves)
Will     .....                  g - +0 pair of boots
Stlth    +.........             (no amulet)
HPRegen  0.18/turn              i - ring of wizardry
MPRegen  0.11/turn              (no ring)

@: no status effects
A: horns 2, demonic magic 2
a: Renounce Religion, Draw Escape, Draw Destruction, Draw Summoning


You were on level 5 of the Dungeon.
You worshipped Nemelex Xobeh.
Nemelex Xobeh was pleased with you.
You visited 1 branch of the dungeon, and saw 5 of its levels.

You collected 320 gold pieces.

Inventory:

Hand Weapons
 a - a +0 lajatang (weapon)
 p - a +0 hand axe
Missiles
 c - 4 silver boomerangs (quivered)
 d - 5 javelins
 j - 19 poisoned darts
 m - 3 boomerangs
Armour
 b - a +0 hat (worn)
 g - a +0 pair of boots (worn)
 h - a +0 ring mail (worn)
Jewellery
 i - a ring of wizardry (left hand)
 k - a +4 ring of evasion
Wands
 w - a wand of flame (16)
Scrolls
 n - a scroll of magic mapping {unknown}
 q - a scroll of torment {unknown}
 s - a scroll of immolation {unknown}
 t - a scroll of identify
 u - a scroll of teleportation
 x - a scroll of enchant weapon {unknown}
Potions
 e - a potion of invisibility
 f - a potion of magic
 l - a potion of attraction
 o - a potion of mutation {unknown}
 r - 3 potions of flight {unknown}
 v - a potion of brilliance {unknown}


   Skills:
 + Level 4.3 Fighting
 - Level 4.2 Axes
 - Level 1.0 Staves
 - Level 2.6 Dodging
 - Level 1.7 Stealth
 + Level 1.9 Spellcasting
 * Level 2.2 Conjurations
 * Level 2.8 Necromancy
 * Level 2.9 Translocations


You had 5 spell levels left.
You knew the following spells:

 Your Spells              Type           Power      Damage    Failure   Level
a - Pain                  Necr           32%        1d5       8%          1
b - Magic Dart            Conj           24%        1d4       11%         1
c - Blink                 Tloc           N/A        N/A       12%         2

Your spell library contained the following spells:

 Spells                   Type           Power      Damage    Failure   Level
 Animate Skeleton         Necr           16%        N/A       8%          1
 Vampiric Draining        Necr           4%         2d6       22%         3
 Call Imp                 Summ           1%         N/A       34%         2
 Slow                     Hex            1%         N/A       34%         2
 Conjure Flame            Conj/Fire      3%         6-21      43%         3
 Mephitic Cloud           Conj/Pois/Air  2%         N/A       45%         3
 Animate Dead             Necr           4%         N/A       56%         4
 Agony                    Necr           8%         N/A       88%         5


Dungeon Overview and Level Annotations

Branches:
Dungeon (5/15)
 Temple: D:4-7

Altars:
Makhleb
Nemelex Xobeh
Okawaru

Shops:
D:4 *

Annotations:
D:3 Grinder
D:5 Dowan, Duvessa


Innate Abilities, Weirdness & Mutations

You have a pair of horns on your head.
Spells you cast may paralyse nearby enemies.


Message History

The helpless Duvessa fails to defend herself.
You slash Duvessa!
Duvessa is heavily wounded.
The helpless Duvessa fails to defend herself.
You hit Duvessa. You headbutt Duvessa, but do no damage.
Duvessa is heavily wounded.
Duvessa is no longer paralysed.
Duvessa hits you with a +3 rapier of holy wrath!
You convulse!
You completely miss Duvessa.
Duvessa is heavily wounded.
Duvessa hits you with a +3 rapier of holy wrath.
You convulse.
Casting: Pain (safe; 8% risk of failure)
Confirm with . or Enter, or press ? or * to list all spells.
Aiming: Pain (safe; 8% risk of failure)
Press: ? - help, Shift-Dir - straight line, f/p - Duvessa
Aim: Duvessa, wielding a +3 rapier of holy wrath and wearing a +0 leather armour (heavily wounded, chance to affect: 39%) Duvessa resists with some effort.
Malevolent energies surge around you. Duvessa hits you but does no damage.
Casting: Pain (safe; 8% risk of failure)
Confirm with . or Enter, or press ? or * to list all spells.
Aiming: Pain (safe; 8% risk of failure)
Press: ? - help, Shift-Dir - straight line, f/p - Duvessa
Aim: Duvessa, wielding a +3 rapier of holy wrath and wearing a +0 leather armour (heavily wounded, chance to affect: 39%) Duvessa resists with some effort.
Malevolent energies surge around you.
Duvessa hits you with a +3 rapier of holy wrath.
You convulse.
* * * LOW HITPOINT WARNING * * *
Casting: Pain (safe; 8% risk of failure)
Confirm with . or Enter, or press ? or * to list all spells.
Aiming: Pain (safe; 8% risk of failure)
Press: ? - help, Shift-Dir - straight line, f/p - Duvessa
Aim: Duvessa, wielding a +3 rapier of holy wrath and wearing a +0 leather armour (heavily wounded, chance to affect: 39%) Duvessa resists with some effort.
Malevolent energies surge around you.
Duvessa hits you with a +3 rapier of holy wrath!
* * * LOW HITPOINT WARNING * * *
You convulse!
You die...
Your body disappears without a glow.

..$.......#####.#.......#
...........)............#
..$.............#.......#
................#e......#
................#.......#
.......##.#######.......#
####### #######.#.......#
#....e#.###### #.#.@##.#
#.<..##.# ##...##.#
#####......# #......#####
#.####.# .. #.####.###
...## #.#...<..# .....
######.#......# #....


You could see Duvessa.

Vanquished Creatures
  Eustachio (D:5)
  A bullfrog (D:3)
  A howler monkey (D:5)
  An orc priest (D:4)
  A jelly (D:5)
  An iguana (D:3)
  A centaur skeleton (D:5)
  An orc wizard (D:4)
  2 hound skeletons (D:4)
  4 gnolls
  5 adders
  A worm (D:4)
  7 dart slugs
  6 orcs
  6 ball pythons
  5 endoplasms
  2 giant cockroaches
  5 goblins
  4 hobgoblins
  13 kobolds
  5 quokkas
  6 bats
  2 frilled lizards
  4 rats
85 creatures vanquished.

Notes
Turn   | Place    | Note
-------+----------+-------------------------------------------
     0 | D:1      | Glokmah the Demonspawn Monk began the quest for the Orb.
     0 | D:1      | Reached XP level 1. HP: 18/18 MP: 1/1
   360 | D:1      | Gained mutation: You have a pair of small horns on your
                  | head. [demonic ancestry]
   360 | D:1      | Reached XP level 2. HP: 10/24 MP: 2/2
   667 | D:1      | Reached XP level 3. HP: 7/29 MP: 3/3
  1226 | D:2      | Noticed an ogre
  1341 | D:2      | Found a faded altar of an unknown god.
  1576 | D:2      | Learned a level 2 spell: Blink
  1750 | D:2      | Gained mutation: Spells you cast may paralyse adjacent
                  | enemies. [demonic ancestry]
  1750 | D:2      | Reached XP level 4. HP: 28/37 MP: 4/4
  2490 | D:3      | Noticed Grinder
  2504 | D:2      | Reached skill level 1 in Translocations
  2539 | D:3      | Paralysed by Grinder for 2 turns
  2551 | D:3      | Paralysed by Grinder for 4 turns
  2822 | D:3      | Paralysed by Grinder for 3 turns
  2833 | D:3      | Paralysed by Grinder for 2 turns
  3287 | D:3      | Noticed a bullfrog
  3690 | D:3      | Learned a level 1 spell: Pain
  3998 | D:3      | Paralysed by Grinder for 2 turns
  4019 | D:3      | Paralysed by Grinder for 7 turns
  4105 | D:3      | Gained mutation: Spells you cast may paralyse nearby
                  | enemies. [demonic ancestry]
  4105 | D:3      | Reached XP level 5. HP: 42/42 MP: 6/6
  4170 | D:3      | Reached skill level 1 in Spellcasting
  4170 | D:3      | Reached skill level 1 in Necromancy
  4181 | D:3      | Reached skill level 1 in Staves
  4402 | D:3      | Learned a level 1 spell: Magic Dart
  4556 | D:4      | Found Mivekep's General Store.
  4895 | D:4      | Gained mutation: You have a pair of horns on your head.
                  | [demonic ancestry]
  4895 | D:4      | Reached XP level 6. HP: 48/48 MP: 7/7
  4896 | D:4      | Found a burning altar of Makhleb.
  4941 | D:4      | Found a sparkling altar of Nemelex Xobeh.
  4945 | D:4      | Became a worshipper of Nemelex Xobeh the Trickster
  4945 | D:4      | Reached * piety under Nemelex Xobeh
  4945 | D:4      | Received a gift from Nemelex Xobeh
  4945 | D:4      | Reached ** piety under Nemelex Xobeh
  5301 | D:4      | Reached skill level 1 in Conjurations
  5444 | D:4      | Found an iron altar of Okawaru.
  5501 | D:5      | Entered Level 5 of the Dungeon
  5526 | D:5      | Noticed Eustachio
  5554 | D:5      | Killed Eustachio
  5556 | D:5      | Reached XP level 7. HP: 34/54 MP: 4/9
  5828 | D:5      | Noticed Dowan
  5829 | D:5      | Noticed Duvessa
  5856 | D:5      | Slain by Duvessa

Illustrated notes

Levels and vault maps discovered:
D:1:      dpeg_arrival_windows_large_door, layout_rooms
D:2:      layout_basic, ebering_ecumenical_altar_box
D:3:      layout_loops_ring, uniq_grinder
D:4:      layout_gridville, lemuel_crystal_altar, kennysheep_mini_moat,
          old_standard_altar, serial_shops, shop, hangedman_decor_riveting
D:5:      layout_basic, nicolae_elyvilon_peaceful_grove, lemuel_doored_altar,
          uniq_duvessa, uniq_eustachio

Skill      XL: |  1  2  3  4  5  6 |
---------------+-------------------+-----
Axes           | 3 4 |  4.2
Translocations | 1 2 |  2.9
Fighting       | 4 |  4.3
Spellcasting   | 1 |  1.9
Necromancy     | 1 2 |  2.8
Staves         | 1 |  1.0
Conjurations   | 2 |  2.2
Dodging        | |  2.6
Stealth        | |  1.7

Action                   |  1- 3 |  4- 6 |  7- 9 || total
-------------------------+-------+-------+-------++-------
Melee: Hand axe          |   108 |    65 |       ||   173
       Headbutt          |    14 |    23 |     2 ||    39
       Lajatang          |       |    83 |     7 ||    90
Throw: Boomerang         |     4 |    14 |       ||    18
       Javelin           |     4 |     1 |       ||     5
 Cast: Pain              |       |    15 |     6 ||    21
       Magic Dart        |       |     1 |       ||     1
  Use: Scroll            |       |     6 |       ||     6
 Stab: Sleeping          |     6 |       |       ||     6
       Paralysed         |       |     8 |     4 ||    12
Armor: Robe              |     9 |       |       ||     9
       Ring mail         |     4 |    58 |     2 ||    64
Dodge: Dodged            |    70 |   115 |     4 ||   189

Table legend: (Time is in decaauts)
 A = Elapsed time spent in this place.
 B = Non-inter-level travel time spent in this place.
 C = Inter-level travel time spent in this place.
 D = Time resting spent in this place.
 E = Time spent auto-exploring this place.
 F = Levels seen in this place.
 G = Mean time per level.
                   A        B        C        D        E       F      G
               +--------+--------+--------+--------+--------+-----+--------+
         Total |   5930 |   5473 |    457 |   1240 |   2837 |   5 | 1186.0 |
       Dungeon |   5930 |   5473 |    457 |   1240 |   2837 |   5 | 1186.0 |
               +--------+--------+--------+--------+--------+-----+--------+

Top non-repeatable levels by time:
     D:2: 1916 daAuts
     D:3: 1536 daAuts
     D:1: 1319 daAuts
     D:4: 809 daAuts
     D:5: 349 daAuts
